 Dungeon Crawl Stone Soup version 0.17-a0-1373-g64d4c99 (webtiles) character file.

1520 Chiseanne the Covered (level 8, -1/57 HPs)
             Began as a High Elf Fighter on June 13, 2015.
             Killed from afar by an orc wizard (10 damage)
             ... with a puff of flame
             ... on level 7 of the Dungeon.
             The game lasted 00:20:47 (7081 turns).

Chiseanne the Covered (High Elf Fighter)            Turns: 7081, Time: 00:20:47

Health: -1/57      AC:  8    Str: 16    XL:     8   Next: 54%
Magic:  9/9        EV: 11    Int: 11    God:
Gold:   322        SH: 10    Dex: 17    Spells: 0 memorised, 7 levels left

rFire  . . .     SeeInvis .     s - +1 short sword (venom)
rCold  . . .     Clarity  .     b - +0 scale mail
rNeg   . . .     SustAt   .     j - +0 shield
rPois  .         Gourm    .     (no helmet)
rElec  .         Spirit   .     (no cloak)
rCorr  .         Warding  .     h - +0 pair of gloves
rMut   .         Stasis   .     (no boots)
MR     +....                    (no amulet)
Stlth  ..........               d - ring of invisibility
                                y - ring of protection from magic

@: somewhat resistant to hostile enchantments, extremely unstealthy
A: no striking features
a: Evoke Invisibility


You were on level 7 of the Dungeon.
You were not hungry.

You visited 1 branch of the dungeon, and saw 7 of its levels.
You also visited: Ossuary.

You collected 322 gold pieces.

Inventory:

Hand weapons
 a - a +3 flail of freezing
 s - a +1 short sword of venom (weapon)
 w - a +0 blowgun
Missiles
 q - 18 sling bullets
 u - 24 poisoned needles
Armour
 b - a +0 scale mail (worn)
 h - a +0 pair of gloves (worn)
 j - a +0 shield (worn)
Jewellery
 d - a ring of invisibility (right hand)
 v - an uncursed amulet of stasis
 y - a ring of protection from magic (left hand)
Magical devices
 r - a wand of digging (7)
 t - a wand of digging (16)
Scrolls
 c - 3 scrolls of remove curse
 f - a scroll of enchant weapon
 g - 2 scrolls of fear
 k - 2 scrolls of recharging
 n - a scroll of teleportation
Potions
 i - a potion of mutation
 l - a potion of curing
 p - a potion of flight {unknown}
Comestibles
 e - 3 bread rations
 m - a royal jelly
 o - 3 meat rations


   Skills:
 * Level 5.8 Fighting
 - Level 2.4 Short Blades
 * Level 6.1 Armour
 * Level 5.3 Dodging
 * Level 5.5 Shields


You had 7 spell levels left.
You didn't know any spells.

Dungeon Overview and Level Annotations

Branches:
Dungeon (7/15)
 Temple: D:4-7

Altars:
Fedhas
Kikubaaqudgha
Ru
Vehumet

Shops:
D:7 *

Annotations:
D:3 Grinder; twigmaester's ghost, average DsNe
D:4 Sigmund
D:7 ventricule's ghost, experienced TeAE


Message History

The giant frog closely misses you. The orc wizard hits you with a dagger.
* * * LOW HITPOINT WARNING * * *
The giant frog barely misses you.
The orc wizard casts a spell.
The orc wizard flickers and vanishes!
Deactivating autopickup; reactivate with Ctrl-A.
You hit something. The giant frog hits you.
* * * LOW HITPOINT WARNING * * *
The orc wizard hits you with a dagger.
* * * LOW HITPOINT WARNING * * *
Something hits you.
* * * LOW HITPOINT WARNING * * *
You closely miss something. You block the giant frog's attack.
The orc wizard hits you but does no damage.
The giant frog hits you.
* * * LOW HITPOINT WARNING * * *
You hear some strange, mumbled words.
A puff of flame appears from out of thin air!
The puff of flame hits you!
You die...

#.# ..# #.###.#
######.....##
...[....#..##
........#...### #####
####.....##....# #...#
#.###....###...###...#
#_.≈#.....###....#...#
8...'......####.@Fo..##..
#_.≈#.<..#.#####o{o.......
#.####...#.<.# ###5.#.....
# ###.###.###.(..#.###. ##
#..##.##.(<...>...
####.###.#.#.#..(........
......##.##..#K(.......>.
)(....(......((......(...
(..##........(...........


You could see a giant frog, an orc wizard, a quasit and 2 orcs.

Vanquished Creatures
  A necrophage (D:7)
  An ice beast (D:6)
  An orc warrior (D:6)
  2 ogres
  3 centaurs
  A big kobold (D:7)
  A scorpion (D:4)
  6 wights
  A jelly (D:7)
  An orc priest (D:6)
  Jessica (D:2)
  2 orc wizards
  3 iguanas
  2 worker ants
  A hound skeleton (D:6)
  3 adders
  18 orcs
  7 bats
  8 giant cockroaches
  10 goblins
  13 hobgoblins
  12 jackals
  15 kobolds
  5 quokkas
  2 ball pythons (D:1)
  2 giant geckos (D:1)
  3 giant newts (D:2)
  A goblin zombie (Ossuary)
  7 hobgoblin zombies (Ossuary)
  A jackal skeleton (D:7)
  A jackal zombie (D:7)
  6 kobold zombies (Ossuary)
  7 orc zombies (Ossuary)
  A quokka zombie (D:6)
  8 rats
157 creatures vanquished.

Notes
Turn   | Place    | Note
--------------------------------------------------------------
     0 | D:1      | Chiseanne the High Elf Fighter began the quest for the Orb.
     0 | D:1      | Reached XP level 1. HP: 16/16 MP: 2/2
    72 | D:1      | Reached XP level 2. HP: 17/21 MP: 3/3
  1147 | D:1      | Reached XP level 3. HP: 26/26 MP: 4/4
  1242 | D:2      | Found a sacrificial altar of Ru.
  1477 | D:2      | Found an ancient bone altar of Kikubaaqudgha.
  1613 | D:2      | Reached skill level 1 in Dodging
  1682 | D:2      | Noticed Jessica
  1686 | D:2      | Killed Jessica
  1686 | D:2      | Reached XP level 4. HP: 25/33 MP: 5/5
  2084 | D:3      | Noticed twigmaester's ghost (average DsNe)
  2112 | D:3      | Noticed Grinder
  2699 | D:3      | Found a faded altar to an unknown god.
  2895 | D:4      | Reached XP level 5. HP: 23/37 MP: 6/6
  2900 | D:4      | Reached skill level 4 in Fighting
  3372 | D:4      | Noticed an ogre
  3381 | D:4      | Killed an ogre
  3381 | D:4      | Reached XP level 6. HP: 40/44 MP: 7/7
  3828 | D:4      | Noticed Sigmund
  3839 | D:5      | Entered Level 5 of the Dungeon
  3882 | D:6      | Found a sand-covered staircase.
  3891 | Ossuary  | Entered an ossuary
  5463 | D:6      | Reached XP level 7. HP: 14/49 MP: 8/8
  5910 | D:6      | Reached skill level 5 in Fighting
  6200 | D:6      | Reached skill level 5 in Shields
  6247 | D:6      | Reached skill level 5 in Armour
  6556 | D:7      | Reached XP level 8. HP: 55/55 MP: 9/9
  6598 | D:7      | Noticed ventricule's ghost (experienced TeAE)
  6601 | D:7      | Found Tucurren's General Store.
  6736 | D:7      | Found a blossoming altar of Fedhas.
  6737 | D:7      | Found a radiant altar of Vehumet.
  6779 | D:6      | Reached skill level 5 in Dodging
  6905 | D:7      | Reached skill level 6 in Armour
  7081 | D:7      | Killed from afar by an orc wizard

Vault maps used:
D:1:      ncdulo_halloftheorcs
D:2:      kiku_gazebo_garden_becter, old_standard_altar, uniq_jessica
D:3:      bloody_trog, ecumenical_altar_2, uniq_grinder
D:4:      lemuel_blue_sif_altar, serial_shops, nicolae_shop_behind_doors,
          okawaru_altar_gauntlet_db, uniq_sigmund, uniq_pikel
D:5:      minmay_temple_entry_statues_pillars, first_bread, uniq_duvessa
D:6:      nicolae_ossuary_entry_plus
D:7:      gammafunk_temple_overflow_statue, enter_bailey_2, serial_shops, shop,
          dk_rats_in_the_wall
Ossuary:  ossuary_tomb_1

Action                   |  1- 3 |  4- 6 |  7- 9 || total
-------------------------+-------+-------+-------++-------
Melee: Rapier            |   187 |   331 |       ||   518
       Short sword       |       |    22 |    98 ||   120
       Flail             |       |    11 |    64 ||    75
 Fire: Blowgun           |       |       |     3 ||     3
Evoke: Wand              |       |     1 |       ||     1
  Use: Scroll            |     5 |     4 |     3 ||    12
       Potion            |       |     7 |       ||     7
  Eat: Chunk             |     3 |    13 |     4 ||    20
       Pizza             |       |       |     1 ||     1
